 Dungeon Crawl Stone Soup version 0.23.2-1-ga50397a (webtiles) character file.

Game seed: 15037490059435131922

22582 eccles the Cleaver (level 12, -18/108 HPs)
             Began as a Minotaur Abyssal Knight on May 10, 2019.
             Was the Champion of Lugonu.
             Demolished by an ice devil (23 damage)
             ... in an ice cave on May 17, 2019.
             The game lasted 01:46:56 (16477 turns).

eccles the Cleaver (Minotaur Abyssal Knight)       Turns: 16477, Time: 01:46:56

Health: -18/108    AC: 17    Str: 21    XL:     12   Next: 64%
Magic:  18/18      EV: 10    Int: 13    God:    Lugonu [******]
Gold:   787        SH:  0    Dex: 10    Spells: 18/20 levels left

rFire    . . .     SeeInvis .   d - +3 hand axe (venom)
rCold    . . .     Gourm    .   v - +0 buckler
rNeg     . . .     Faith    .   U - +1 chain mail {MR+}
rPois    +         Spirit   .   (helmet restricted)
rElec    .         Reflect  .   j - +0 cloak
rCorr    .         Harm     .   a - +1 pair of gloves {Str+3}
MR       +....                  (no boots)
Stlth    ..........             F - amulet of magic regeneration
HPRegen  0.28/turn              I - ring of wizardry
MPRegen  0.41/turn              E - ring of poison resistance

@: confused
A: retaliatory headbutt, horns 2
a: Depart the Abyss, Bend Space, Banish, Corrupt, Enter the Abyss, Brand Weapon
With Distortion, Renounce Religion


You were in an ice cave.
You worshipped Lugonu.
Lugonu was exalted by your worship.
You were not hungry.

You visited 2 branches of the dungeon, and saw 14 of its levels.
You visited the Abyss 1 time.
You also visited: Ice Cave.

You collected 787 gold pieces.

Inventory:

Hand Weapons
 d - a +3 hand axe of venom (weapon)
 D - a +0 arbalest
 V - a +4 scimitar of flaming
Missiles
 g - 20 tomahawks
 G - a tomahawk of returning (quivered)
Armour
 a - a +1 pair of gloves of strength (worn)
 j - a +0 cloak (worn)
 q - a +4 scale mail
 v - a +0 buckler (worn)
 K - a +1 cloak of poison resistance
 T - a +0 large shield
 U - a +1 chain mail of magic resistance (worn)
Magical Staves
 k - an uncursed staff of summoning
 n - an uncursed staff of cold
Jewellery
 e - a +2 ring of dexterity
 E - a ring of poison resistance (right hand)
 F - an amulet of magic regeneration (around neck)
 I - a ring of wizardry (left hand)
 J - an uncursed ring of ice
 M - an uncursed ring of magical power
Wands
 r - a wand of disintegration (9)
 t - a wand of random effects (28)
 w - a wand of digging (7)
 H - a wand of flame (28)
 L - a wand of paralysis (7)
 S - a wand of polymorph (10)
 W - a wand of clouds (3)
Scrolls
 b - a scroll of fog
 l - 13 scrolls of remove curse
 s - 3 scrolls of amnesia
 u - 2 scrolls of blinking
 y - a scroll of fear
 A - 2 scrolls of teleportation
 B - a scroll of immolation
 O - 2 scrolls of identify
Potions
 f - 2 potions of brilliance
 h - 2 potions of agility
 i - a potion of cancellation
 o - 2 potions of resistance
 p - 2 potions of invisibility
 x - 2 potions of flight {unknown}
 z - a potion of lignification {unknown}
 C - 2 potions of ambrosia
 N - 2 potions of berserk rage {unknown}
 P - a potion of might {unknown}
 R - a potion of haste {unknown}
 Y - a potion of mutation {unknown}
Comestibles
 c - 17 rations


   Skills:
 + Level 10.8 Fighting
 + Level 3.7 Long Blades
 * Level 14.8 Axes
 + Level 0.9 Throwing
 + Level 11.0 Armour
 + Level 4.5 Dodging
 + Level 2.4 Stealth
 + Level 7.2 Shields
 * Level 4.7 Spellcasting
 - Level 3.4 Invocations
 + Level 1.5 Evocations


You had 18 spell levels left.
You knew the following spells:

 Your Spells              Type           Power        Failure   Level  Hunger
a - Animate Skeleton      Necr           N/A          41%         1    None
b - Confusing Touch       Hex            #.....       41%         1    None

Your spell library contained the following spells:

 Spells                   Type           Power        Failure   Level  Hunger
 Apportation              Tloc           #.....       41%         1    None
 Summon Small Mammal      Summ           #...         41%         1    None
 Corpse Rot               Necr           N/A          54%         2    ##.....
 Sublimation of Blood     Necr           #.........   54%         2    ##.....
 Agony                    Necr           #.......     100%        5    ######.
 Bolt of Draining         Conj/Necr      #.........   100%        5    ######.
 Dispel Undead            Necr           #.......     100%        5    ######.
 Excruciating Wounds      Chrm/Necr      #.........   100%        5    ######.


Dungeon Overview and Level Annotations

Branches:
Dungeon (12/15)            Temple (0/1) D:7            Lair (2/6) D:11
 Spider (0/4) Lair:2          Orc (0/2) D:10
  Swamp: Lair:2-4    Shoals: Lair:2-4

Altars:
Hepliaklqana
Kikubaaqudgha
Nemelex Xobeh
Qazlal
Ru
Uskayaw
Vehumet
Xom
Yredelemnul
Zin
The Shining One

Shops:
D:7 (

Portals:
Trove: D:10 (give 7 potions of haste)

Annotations:
D:4 2 transporters, Aske's ghost, novice GrGl
D:8 2 transporters, totalnoob's ghost, novice SpEn
D:10 Odd monster area - red level
Lair:2 2 transporters


Innate Abilities, Weirdness & Mutations

You reflexively headbutt those who attack you in melee.
You have a pair of horns on your head.


Message History

Aim: an ice devil (chance to defeat MR: 33%)
The ice devil easily resists.
You feel somewhat more hungry. The ice devil closely misses you.
The ice devil hits you but does no damage.
You slash the ice devil!
The ice devil looks as sick as possible!
Your headbutt misses the ice devil.
The ice devil is severely wounded.
You closely miss the ice devil. The ice devil misses you.
You hit the ice devil.
The ice devil is almost dead.
You hit the ice devil but do no damage. The ice devil hits you.
* * * LOW HITPOINT WARNING * * *
The ice devil freezes you!!
* * * LOW HITPOINT WARNING * * *
You are confused.
You feel invigorated. The ice devil hits you!
* * * LOW HITPOINT WARNING * * *
The ice devil freezes you!!
You die...

#### ....## ......#
....... ....... ####
.......## ##..##
.......4######@...##
..........##.44....#
.⌠......4......∩∩..#
...................#
.4......##..##....##
.......########..##
....... #### .......
.....#


You could see 2 ice devils.

Vanquished Creatures
  Erolcha (D:9)
  Fannar (D:11)
  A hydra (Lair:1)
  Erica (D:9)
  A death knight (D:10)
  A two-headed ogre (D:10)
  Urug (Lair:2)
  Pikel (D:6)
  A manticore (D:12)
  Joseph (D:8)
  A black mamba (Lair:1)
  Psyche (D:8)
  2 centaur skeletons (D:11)
  4 komodo dragons
  3 spiny frogs
  A rime drake (Lair:1)
  An ice devil (IceCv)
  A hornet (Lair:2)
  A tyrant leech (D:11)
  Prince Ribbit (D:6)
  8 blink frogs
  5 hippogriffs
  Grinder (D:3)
  A spriggan (D:7)
  11 yaks
  Eustachio (D:6)
  A hungry ghost (D:10)
  Menkaure (D:7)
  4 water moccasins
  A two-headed ogre zombie (D:10)
  4 porcupines (Lair:1)
  An eye of draining (D:9)
  2 ice beasts
  A sky beast (D:10)
  7 orc warriors
  4 slaves (D:6)
  4 wolves (D:11)
  A black bear (D:11)
  2 phantoms
  5 centaurs
  5 ogres
  4 crocodiles
  2 big kobolds (D:10)
  7 bullfrogs
  A wyvern zombie (D:10)
  A water moccasin skeleton (D:11)
  2 wyvern skeletons
  5 scorpions
  A troll zombie (D:10)
  4 wights (D:8)
  2 howler monkeys (D:7)
  9 crimson imps
  2 centaur zombies
  4 jellies
  11 hounds
  2 quasits (D:10)
  6 orc priests
  2 gnoll shamans
  Jessica (D:3)
  4 bullfrog skeletons
  4 iguanas
  Ijyb (D:4)
  Terence (D:3)
  13 orc wizards
  13 worker ants
  6 ogre zombies (D:10)
  A hound zombie (D:5)
  A hound skeleton (D:5)
  2 howler monkey skeletons (D:10)
  2 worker ant zombies
  11 gnolls
  11 adders
  2 shadow imps
  2 oozes
  An adder zombie (D:9)
  2 adder skeletons (D:7)
  5 worms
  3 dart slugs
  9 leopard geckos
  37 orcs
  6 bats
  10 giant cockroaches
  8 goblins
  10 hobgoblins
  8 jackals
  6 quokkas
  5 ball pythons
  6 frilled lizards
  2 goblin zombies (D:10)
  2 hobgoblin skeletons (D:10)
  3 hobgoblin zombies (D:10)
  2 jackal skeletons
  14 kobolds
  A leopard gecko zombie (D:6)
  An orc skeleton (D:10)
  17 orc zombies (D:10)
  A quokka zombie (D:10)
  10 rats
  8 plants
413 creatures vanquished.

Vanquished Creatures (others)
  3 plants (D:11)
3 creatures vanquished.

Grand Total: 416 creatures vanquished

Notes
Turn   | Place    | Note
-------+----------+-------------------------------------------
     0 | Abyss:1  | eccles the Minotaur Abyssal Knight began the quest for the
                  | Orb.
     0 | Abyss:1  | Reached XP level 1. HP: 19/19 MP: 1/1
    53 | Abyss:1  | Noticed a large abomination
    54 | Abyss:1  | Noticed a spatial vortex
    55 | Abyss:1  | Noticed a spatial vortex
    56 | Abyss:1  | Noticed a spatial vortex
    57 | D:1      | Escaped the Abyss
   140 | D:1      | Reached * piety under Lugonu
   293 | D:1      | Reached XP level 2. HP: 27/27 MP: 2/2
   430 | D:1      | Reached XP level 3. HP: 34/34 MP: 3/3
   677 | D:2      | Found a glowing golden altar of the Shining One.
   830 | D:2      | Reached skill level 5 in Fighting
   833 | D:2      | Reached XP level 4. HP: 17/42 MP: 4/4
   838 | D:2      | Reached skill level 3 in Axes
  1385 | D:2      | Reached ** piety under Lugonu
  1594 | D:2      | You fall through a shaft for 2 floors!
  1628 | D:4      | Reached XP level 5. HP: 48/48 MP: 5/5
  1640 | D:4      | Noticed an ogre
  1648 | D:4      | Killed an ogre
  1648 | D:4      | Reached skill level 4 in Axes
  1821 | D:4      | Reached XP level 6. HP: 46/56 MP: 7/7
  1830 | D:4      | Reached skill level 5 in Axes
  1886 | D:4      | Noticed Ijyb
  1899 | D:4      | Killed Ijyb
  1929 | D:4      | Found a shimmering altar of Xom.
  2153 | D:4      | Found a stormy altar of Qazlal.
  2207 | D:4      | Found a transporter.
  2216 | D:4      | Noticed Aske's ghost (novice GrGl)
  2552 | D:3      | Noticed Grinder
  2586 | D:3      | Killed Grinder
  2586 | D:3      | Reached skill level 6 in Axes
  2586 | D:3      | Reached XP level 7. HP: 54/63 MP: 8/8
  2713 | D:3      | Reached *** piety under Lugonu
  3049 | D:3      | Noticed Terence
  3055 | D:3      | Killed Terence
  3224 | D:3      | Noticed Jessica
  3234 | D:3      | Killed Jessica
  3234 | D:3      | Reached skill level 7 in Axes
  3395 | D:3      | Learned a level 1 spell: Animate Skeleton
  4100 | D:4      | Found a transporter.
  4170 | D:5      | Entered Level 5 of the Dungeon
  4276 | D:5      | Noticed a +0 dagger
  4276 | D:5      | Noticed a +0 hand axe
  4280 | D:5      | Found a hide-covered altar of Uskayaw.
  4411 | D:5      | Reached XP level 8. HP: 64/70 MP: 9/9
  4529 | D:5      | Reached skill level 5 in Armour
  4529 | D:5      | Reached skill level 1 in Shields
  4563 | D:5      | Reached skill level 8 in Axes
  5216 | D:6      | Noticed a hippogriff
  5229 | D:6      | Killed a hippogriff
  5229 | D:6      | Reached skill level 9 in Axes
  5230 | D:6      | Reached skill level 1 in Spellcasting
  5329 | D:6      | Reached **** piety under Lugonu
  5329 | D:6      | Reached XP level 9. HP: 55/79 MP: 10/10
  5473 | D:6      | Noticed Eustachio
  5482 | D:6      | Killed Eustachio
  5506 | D:6      | Noticed Pikel
  5510 | D:6      | Noticed Prince Ribbit
  5534 | D:6      | Killed Prince Ribbit
  5534 | D:6      | Reached skill level 10 in Axes
  5538 | D:6      | Killed Pikel
  5850 | D:7      | Noticed Menkaure
  5861 | D:7      | HP: 2/81 [Menkaure (13)]
  5863 | D:7      | Killed Menkaure
  6167 | D:7      | Found a staircase to the Ecumenical Temple.
  6226 | D:7      | Found a sparkling altar of Nemelex Xobeh.
  6636 | D:7      | Found Qolobar's Antique Weapon Boutique.
  6950 | D:7      | Reached skill level 11 in Axes
  7229 | D:8      | Noticed totalnoob's ghost (novice SpEn)
  7239 | D:8      | Found a transporter.
  7239 | D:8      | Found a transporter.
  7306 | D:8      | Found a sacrificial altar of Ru.
  7306 | D:8      | Found a sparkling altar of Nemelex Xobeh.
  7314 | D:8      | Found a basalt altar of Yredelemnul.
  7330 | D:8      | Noticed Joseph
  7336 | D:8      | Reached XP level 10. HP: 70/90 MP: 12/12
  7349 | D:8      | Killed Joseph
  7349 | D:8      | Reached skill level 1 in Stealth
  7685 | D:8      | Found an ancient bone altar of Kikubaaqudgha.
  7800 | D:8      | Found a hazy altar of Hepliaklqana.
  7829 | D:9      | Found a glowing silver altar of Zin.
  7840 | D:9      | Noticed Psyche
  7890 | D:8      | Killed Psyche
  8517 | D:9      | Found a radiant altar of Vehumet.
  8523 | D:9      | Noticed Erica
  8588 | D:9      | Paralysed by an orc warrior for 4 turns
  8764 | D:9      | Killed Erica
  8764 | D:9      | Reached skill level 5 in Shields
  8928 | D:9      | Reached skill level 12 in Axes
  8972 | D:9      | Noticed Erolcha
  9223 | D:9      | Killed Erolcha
  9301 | D:10     | Entered Level 10 of the Dungeon
  9552 | D:10     | Identified a scroll of acquirement
  9634 | D:10     | Noticed a death knight
  9661 | D:10     | Noticed a centaur warrior
  9749 | D:10     | Reached ***** piety under Lugonu
  9816 | D:10     | Reached XP level 11. HP: 95/97 MP: 15/15
  9821 | D:10     | Reached skill level 1 in Evocations
  9923 | D:10     | Found a staircase to the Orcish Mines.
  9983 | D:10     | Found a hazy altar of Hepliaklqana.
 10112 | D:10     | Found a sacrificial altar of Ru.
 10176 | D:10     | Found a portal to a secret trove of treasure.
 10258 | D:10     | Noticed a two-headed ogre
 10266 | D:10     | Killed a two-headed ogre
 10781 | D:11     | Noticed Fannar
 10822 | D:11     | Killed Fannar
 10822 | D:11     | Reached skill level 13 in Axes
 10928 | D:11     | Found a staircase to the Lair.
 11176 | D:11     | Reached skill level 10 in Fighting
 11317 | D:11     | Learned a level 1 spell: Confusing Touch
 11747 | D:12     | Noticed an eight-headed hydra
 12792 | D:10     | Killed a death knight
 13307 | D:10     | Reached skill level 10 in Armour
 13452 | D:11     | a 12-headed hydra changed into a tyrant leech
 13713 | Lair:1   | Entered Level 1 of the Lair of Beasts
 13724 | D:11     | Reached skill level 14 in Axes
 13724 | D:11     | Reached XP level 12. HP: 103/107 MP: 17/17
 13742 | D:11     | Reached ****** piety under Lugonu
 14314 | Lair:1   | Noticed a six-headed hydra
 14337 | Lair:1   | Killed a one-headed hydra
 14559 | Lair:1   | Reached skill level 1 in Long Blades
 15475 | Lair:1   | Found an ancient bone altar of Kikubaaqudgha.
 15697 | Lair:2   | Found a hole to the Spider Nest.
 15885 | Lair:2   | Found a transporter.
 15905 | Lair:2   | Noticed Urug
 15940 | Lair:2   | Killed Urug
 16181 | Lair:2   | Found a transporter.
 16193 | Lair:2   | Found a frozen archway.
 16202 | IceCv    | Entered an ice cave
 16477 | IceCv    | HP: 5/108 [ice devil (8)]
 16477 | IceCv    | Demolished by an ice devil

Skill      XL: |  1  2  3  4  5  6  7  8  9 10 11 12 |
---------------+-------------------------------------+-----
Fighting       | 4 5 6 7 8 9 10 | 10.8
Invocations    | 2 3 |  3.4
Armour         | 3 4 6 7 10 11 | 11.0
Axes           | 3 4 6 7 9 11 12 14 | 14.8
Dodging        | 2 3 4 |  4.5
Shields        | 2 3 5 6 7 |  7.2
Spellcasting   | 1 2 3 4 |  4.7
Stealth        | 2 |  2.4
Evocations     | 1 |  1.5
Long Blades    | 3 |  3.7
Throwing       | |  0.9

Action                   |  1- 3 |  4- 6 |  7- 9 | 10-12 || total
-------------------------+-------+-------+-------+-------++-------
Melee: Hand axe          |    62 |   149 |   380 |   745 ||  1336
       Headbutt          |    10 |    19 |    71 |   177 ||   277
       Scimitar          |       |       |       |    68 ||    68
Throw: Tomahawk          |       |       |       |     9 ||     9
Invok: Depart the Abyss  |     1 |       |       |       ||     1
       Bend Space        |       |       |     2 |     5 ||     7
       Banish            |       |       |       |     1 ||     1
Evoke: Wand              |       |       |     1 |    29 ||    30
  Use: Scroll            |       |     3 |     2 |    16 ||    21
       Potion            |       |       |     1 |    12 ||    13
 Stab: Paralysed         |       |       |       |     9 ||     9
       Invisible         |       |       |       |     2 ||     2
       Confused          |       |       |       |     1 ||     1
  Eat: Chunk             |       |     5 |     5 |    18 ||    28
       Ration            |       |       |     3 |     4 ||     7
Armor: Leather armour    |    27 |     8 |       |       ||    35
       Scale mail        |       |    47 |   148 |    45 ||   240
       Chain mail        |       |       |       |   241 ||   241
Dodge: Dodged            |    51 |    65 |   106 |   225 ||   447
Block: Shield            |       |    11 |   115 |     2 ||   128
       Large shield      |       |       |       |    83 ||    83
       Buckler           |       |       |       |   131 ||   131
       Rpst.: Scimitar   |       |       |       |     8 ||     8
